 Dungeon Crawl Stone Soup version 0.21-a0-260-g9b2435e (webtiles) character file.

772 sagitran the Slasher (level 7, -1/52 HPs)
             Began as a Demonspawn Gladiator on Sept 7, 2017.
             Slain by an adder (3 damage)
             ... on level 4 of the Dungeon.
             The game lasted 00:19:54 (3125 turns).

sagitran the Slasher (Demonspawn Gladiator)         Turns: 3125, Time: 00:19:56

Health: -1/52      AC:  8    Str: 17    XL:     7   Next: 53%
Magic:  0/7        EV: 13    Int:  9    God:
Gold:   126        SH:  0    Dex: 14    Spells: 6/6 levels left

rFire    . . .     SeeInvis .   a - +0 long sword
rCold    . . .     Gourm    .   (no shield)
rNeg     . . .     Faith    .   i - +0 ring mail
rPois    .         Spirit   +   (helmet restricted)
rElec    .         Reflect  .   (no cloak)
rCorr    .         Harm     .   (no gloves)
MR       .....                  g - +0 pair of boots
Stlth    +.........             w - amulet of magic regeneration
HPRegen  0.17/turn              (no ring)
MPRegen  0.35/turn              (no ring)

@: lethally poisoned (-1 -> -3), very slightly contaminated
A: horns 1, slimy green scales 1, demonic guardian 1, magic shield
a: no special abilities


You were on level 4 of the Dungeon.
You were not hungry.

You visited 1 branch of the dungeon, and saw 4 of its levels.

You collected 126 gold pieces.

Inventory:

Hand Weapons
 a - a +0 long sword (weapon)
 j - a +0 shortbow
Missiles
 d - a throwing net
 k - 3 tomahawks (quivered)
Armour
 b - a +0 leather armour
 c - a +0 helmet
 g - a +0 pair of boots (worn)
 i - a +0 ring mail (worn)
Magical Staves
 B - an uncursed staff of air {unknown}
Jewellery
 w - an amulet of magic regeneration (around neck)
Wands
 o - a wand of flame (20/48)
 p - a wand of flame (19/48)
 t - a wand of digging (14/24)
 C - a wand of clouds (6/9)
Scrolls
 v - a scroll of teleportation {unknown}
 x - a scroll of random uselessness {unknown}
 y - a scroll of identify {unknown}
Potions
 e - a potion of flight {unknown}
 m - a potion of brilliance {unknown}
 n - a potion of curing
 r - a potion of magic {unknown}
 z - a potion of haste {unknown}
Comestibles
 f - 3 bread rations
 l - 6 fruits
 s - a meat ration


   Skills:
 + Level 3.4 Fighting
 + Level 6.1 Long Blades
 + Level 2.2 Throwing
 + Level 3.0 Armour
 + Level 4.0 Dodging


You had 6 spell levels left.
You didn't know any spells.

Dungeon Overview and Level Annotations

Branches:
Dungeon (4/15)
 Temple: D:4-7

Altars:
Ashenzari
Nemelex Xobeh
Uskayaw
Vehumet
Xom
The Shining One


Innate Abilities, Weirdness & Mutations

You have a pair of small horns on your head.
You are partially covered in slimy green scales. (AC +2)
A weak demonic guardian rushes to your aid.
When hurt, damage is shared between your health and your magic reserves.


Message History

* * * LOW HITPOINT WARNING * * *
The adder closely misses you.
You closely miss the adder.
The adder is heavily wounded.
You feel sick.
The centaur shoots an arrow.
The arrow misses you.
The arrow hits your iron imp but does no damage.
The adder barely misses you.
Throwing (i - inventory. (,) - cycle):
k - 4 tomahawks (quivered)
Press: ? - help, Shift-Dir - straight line, f - centaur, p - adder
Aim: a centaur, wielding a shortbow (heavily wounded, poisoned)
You throw a tomahawk. The tomahawk hits the centaur!
The centaur is severely wounded.
The centaur shoots an arrow.
The arrow hits you!
* * * LOW HITPOINT WARNING * * *
The adder misses you.
You riposte.
You barely miss the adder.
The adder is heavily wounded.
The centaur shoots an arrow.
The arrow hits you.
* * * LOW HITPOINT WARNING * * *
The adder bites you.
You die...

.......#.(..#......
####...##(.(#...... #
#....))###......
#.#######....)).........
........................
...........)##.#........
#...........##..........
.(...%......#########.##
.)c.(..@((..# ..
.......S5...# #
........##### #.......#
#......(# .........
#........ .#####.(.


You could see a centaur, an adder and a friendly iron imp.

Vanquished Creatures
  Sigmund (D:2)
  A centaur (D:4)
  A bullfrog (D:4)
  3 orc priests (D:4)
  2 orc wizards
  A bullfrog skeleton (D:4)
  Jessica (D:3)
  Ijyb (D:4)
  Natasha (thrice) (D:2)
  6 adders
  2 oozes
  7 dart slugs
  3 worms (D:2)
  10 orcs
  2 ball pythons (D:2)
  10 bats
  2 giant cockroaches
  6 goblins
  8 hobgoblins
  11 jackals
  7 frilled lizards
  5 kobolds
  8 rats
101 creatures vanquished.

Vanquished Creatures (collateral kills)
  An orc wizard (D:4)
1 creature vanquished.

Grand Total: 102 creatures vanquished

Notes
Turn   | Place    | Note
-------+----------+-------------------------------------------
     0 | D:1      | sagitran the Demonspawn Gladiator began the quest for the Orb.
     0 | D:1      | Reached XP level 1. HP: 16/16 MP: 1/1
    72 | D:1      | Reached skill level 3 in Long Blades
    78 | D:1      | Gained mutation: When hurt, damage is shared between your health and your magic reserves. [demonic ancestry]
    78 | D:1      | Reached XP level 2. HP: 22/22 MP: 2/2
    86 | D:2      | Found a glowing golden altar of the Shining One.
    94 | D:2      | Found a hide-covered altar of Uskayaw.
   245 | D:2      | Noticed Sigmund
   256 | D:2      | HP: 1/22 [frilled lizard (1)]
   261 | D:2      | Killed Sigmund
   261 | D:2      | Reached skill level 4 in Long Blades
   261 | D:2      | Reached skill level 1 in Armour
   261 | D:2      | Gained mutation: You are partially covered in slimy green scales. (AC +2) [demonic ancestry]
   261 | D:2      | Reached XP level 3. HP: 1/28 MP: 0/3
   261 | D:2      | Gained mutation: A weak demonic guardian rushes to your aid. [demonic ancestry]
   261 | D:2      | Reached XP level 4. HP: 2/34 MP: 0/4
   261 | D:2      | Gained mutation: You have a pair of small horns on your head. [demonic ancestry]
   261 | D:2      | Reached XP level 5. HP: 2/39 MP: 0/5
   573 | D:2      | Found a shimmering altar of Xom.
   620 | D:2      | Noticed Natasha
   632 | D:2      | Killed Natasha
  1027 | D:2      | Noticed Natasha
  1031 | D:2      | Killed Natasha
  1031 | D:2      | Reached XP level 6. HP: 35/46 MP: 3/6
  1102 | D:2      | Found a shattered altar of Ashenzari.
  1206 | D:2      | Found a radiant altar of Vehumet.
  1319 | D:2      | Noticed Natasha
  1326 | D:2      | Killed Natasha
  2408 | D:3      | Noticed Jessica
  2415 | D:3      | Killed Jessica
  2415 | D:3      | Reached skill level 5 in Long Blades
  2673 | D:3      | Found a glowing golden altar of the Shining One.
  2805 | D:4      | Reached XP level 7. HP: 48/52 MP: 5/7
  2856 | D:4      | Found a sparkling altar of Nemelex Xobeh.
  2860 | D:4      | Noticed Ijyb
  2875 | D:4      | Killed Ijyb
  2878 | D:4      | Reached skill level 6 in Long Blades
  3125 | D:4      | HP: 2/52 [centaur/arrow (1)]
  3125 | D:4      | Slain by an adder

Vault maps used:
D:1:      nicolae_arrival_memento_mori
D:2:      xom_butterflies, old_standard_altar, overflow_temple_1_default,
          vehumet_crystals, lemuel_round_altar, first_bread, uniq_sigmund,
          uniq_natasha
D:3:      nicolae_tso_carved_into_rock, uniq_jessica, uniq_crazy_yiuf_cottage
D:4:      fedhas_bush_and_centaur_altar, nicolae_overflow_crystal_walls,
          minmay_temple_entry_grid, uniq_ijyb

Skill      XL: |  1  2  3  4  5  6  7 |
---------------+----------------------+-----
Long Blades    | 3 4 5 6 |  6.1
Throwing       | 2 |  2.2
Armour         | 1 2 3 |  3.0
Dodging        | 3 4 |  4.0
Fighting       | 3 |  3.4

Action                   |  1- 3 |  4- 6 |  7- 9 || total
-------------------------+-------+-------+-------++-------
Melee: Long sword        |    52 |   169 |    44 ||   265
       Headbutt          |       |    32 |    11 ||    43
Throw: Throwing net      |     1 |       |     2 ||     3
       Tomahawk          |       |     7 |    12 ||    19
  Use: Potion            |       |     1 |     1 ||     2
       Scroll            |       |       |     1 ||     1
  Eat: Chunk             |       |     6 |     1 ||     7
       Royal jelly       |       |       |     1 ||     1
Armor: Leather armour    |     8 |       |       ||     8
       Ring mail         |    15 |    93 |    18 ||   126
Dodge: Dodged            |    31 |   122 |    31 ||   184
       Rpst.: Long sword |    13 |    40 |     9 ||    62

Table legend:
 A = Spawn XP
 B = Non-spawn XP
 C = Spawn XP percentage of total XP
 D = Spawn monster count
 E = Non-spawn monster count
 F = Spawn count percentage of total count
 G = Total turns spent on level
                    A         B        C        D         E        F      G
               +---------+---------+-------+---------+---------+-------+---------
         Total |       0 |    1104 |   0.0 |       0 |     102 |   0.0 |  3125
               +---------+---------+-------+---------+---------+-------+---------
           D:1 |       0 |      54 |   0.0 |       0 |      28 |   0.0 |   836
           D:2 |       0 |     428 |   0.0 |       0 |      40 |   0.0 |  1347
           D:3 |       0 |     150 |   0.0 |       0 |      18 |   0.0 |   603
           D:4 |       0 |     472 |   0.0 |       0 |      16 |   0.0 |   339
               +---------+---------+-------+---------+---------+-------+---------
